 Dungeon Crawl Stone Soup version 0.28-a0-683-ga8797d1ae1 (webtiles) character file.

Game seed: 442536387396151101

88 shoop the Cudgeller (level 4, -1/48 HPs)
             Began as an Ogre Fighter on Oct 18, 2021.
             Killed from afar by a white imp (4 damage)
             ... with a puff of frost
             ... summoned by Natasha
             ... on level 2 of the Dungeon.
             The game lasted 00:02:50 (2129 turns).

shoop the Cudgeller (Ogre Fighter)                  Turns: 2129, Time: 00:02:51

Health: -1/48      AC:  3    Str: 20    XL:     4   Next: 54%
Magic:  4/4        EV:  8    Int: 10    God:
Gold:   82         SH:  7    Dex:  8    Spells: 3/3 levels left

rFire   . . .      SeeInvis .   a - +0 flail
rCold   . . .      Faith    .   c - +0 kite shield
rNeg    . . .      Spirit   .   b - +0 robe
rPois   .          Reflect  .   (helmet restricted)
rElec   .          Harm     .   (no cloak)
rCorr   .          Rampage  .   (gloves unavailable)
Will    .....                   (boots unavailable)
Stlth   +.........              l - amulet of magic regeneration
HPRegen 0.16/turn               (no ring)
MPRegen 0.34/turn               (no ring)

@: mighty
A: large, unfitting armour, tough skin 1
a: no special abilities


You were on level 2 of the Dungeon.
You visited 1 branch of the dungeon, and saw 2 of its levels.

You collected 82 gold pieces.

Inventory:

Hand Weapons
 a - a +0 flail (weapon)
Armour
 b - a +0 robe (worn)
 c - a +0 kite shield (worn)
Jewellery
 l - an amulet of magic regeneration (around neck)
Scrolls
 e - a scroll of immolation {unknown}
 h - 3 scrolls of identify {unknown}
 i - a scroll of amnesia {unknown}
 j - a scroll of enchant weapon {unknown}
 k - a scroll of brand weapon {unknown}
Potions
 f - a potion of curing {unknown}
 g - a potion of cancellation
 m - a potion of attraction {unknown}


   Skills:
 - Level 4.0 Fighting
 + Level 4.2 Maces & Flails
 - Level 2.6 Dodging
 - Level 2.6 Shields


You had 3 spell levels left.
You didn't know any spells.
Your spell library was empty.

Dungeon Overview and Level Annotations

Branches:
Dungeon (2/15)

Altars:

Annotations:
D:2 1 runed translucent door, Crazy Yiuf, Natasha


Innate Abilities, Weirdness & Mutations

You are too large for most types of armour.
You have tough skin. (AC +1)


Message History

You barely miss something. Something claws you but does no damage.
You barely miss something. Something claws you but does no damage.
You barely miss something. Something claws you! Something claws you.
You miss something.
You hear some strange, mumbled words.
A magic dart appears from out of thin air!
The magic dart hits you.
You miss something. Something claws you. You block something's attack.
You miss something. You block something's attack.
You hit something. Something claws you.
You barely miss something. Something claws you.
Something claws you but does no damage.
It was a potion of cancellation.
You feel magically purged.
You hear some strange, mumbled words.
You barely miss something. Something claws you.
* * * LOW HITPOINT WARNING * * *
You miss something. You block something's attack. Something claws you.
* * * LOW HITPOINT WARNING * * *
The crimson imp blinks!
You miss something. Something claws you but does no damage.
You closely miss something.
Natasha appears from thin air!
Reactivating autopickup.
Natasha mumbles some strange words.
You feel troubled. You block Natasha's attack. Natasha closely misses you.
You closely miss Natasha.
Natasha is heavily wounded.
Natasha casts a spell.
You feel very mighty all of a sudden.
Natasha hisses.
Natasha claws you.
* * * LOW HITPOINT WARNING * * *
The white imp closely misses you.
You closely miss Natasha.
Natasha is heavily wounded.
Natasha claws you!
* * * LOW HITPOINT WARNING * * *
The white imp gestures at you. The puff of frost hits you.
You die...

######### #.5.....5
#h#########
#@#.......### ##
#5#.........# #.
#.#......(#.#####.
#.##............<.
#.##.#.#.†####.##.
####.##.#.#.........#
#....##.#.#.#.###....
#.#####.#.#.........#
#.####....###.#######


You could see Natasha, a crimson imp (summoned) and a white imp (summoned).

Vanquished Creatures
  4 gnolls
  2 adders (D:2)
  A worm (D:2)
  3 endoplasms
  5 hobgoblins
  A kobold (D:1)
  2 quokkas
  2 ball pythons (D:2)
  5 bats
  4 goblins
  4 rats
33 creatures vanquished.

Notes
Turn   | Place    | Note
-------+----------+-------------------------------------------
     0 | D:1      | shoop the Ogre Fighter began the quest for the Orb.
     0 | D:1      | Reached XP level 1. HP: 24/24 MP: 1/1
   212 | D:1      | Found a faded altar of an unknown god.
   248 | D:1      | Reached XP level 2. HP: 32/32 MP: 2/2
   784 | D:2      | Reached XP level 3. HP: 39/39 MP: 3/3
  1415 | D:2      | Reached XP level 4. HP: 48/48 MP: 4/4
  1682 | D:2      | Found a runed translucent door.
  1683 | D:2      | Noticed Crazy Yiuf
  2105 | D:2      | Noticed Natasha
  2129 | D:2      | Killed from afar by a white imp

Illustrated notes

Levels and vault maps discovered:
D:1:      lemuel_arrival_behind_the_door_large, layout_rooms,
          hellmonk_ecumenical_altar_pennies_from_heaven
D:2:      layout_basic, uniq_crazy_yiuf_cottage, uniq_natasha

Skill      XL: |  1  2  3  4 |
---------------+-------------+-----
Maces & Flails | 2 3 4 |  4.2
Fighting       | |  4.0
Dodging        | |  2.6
Shields        | |  2.6

Action                   |  1- 3 |  4- 6 || total
-------------------------+-------+-------++-------
Melee: Flail             |    75 |    70 ||   145
  Use: Potion            |       |     2 ||     2
 Stab: Sleeping          |     1 |       ||     1
Armor: Robe              |    27 |    15 ||    42
Dodge: Dodged            |    31 |    20 ||    51
Block: Kite shield       |    34 |    22 ||    56

Table legend: (Time is in decaauts)
 A = Elapsed time spent in this place.
 B = Non-inter-level travel time spent in this place.
 C = Inter-level travel time spent in this place.
 D = Time resting spent in this place.
 E = Time spent auto-exploring this place.
 F = Levels seen in this place.
 G = Mean time per level.
                   A        B        C        D        E       F      G
               +--------+--------+--------+--------+--------+-----+--------+
         Total |   2198 |   2153 |     45 |    263 |   1505 |   2 | 1099.0 |
       Dungeon |   2198 |   2153 |     45 |    263 |   1505 |   2 | 1099.0 |
               +--------+--------+--------+--------+--------+-----+--------+

Top non-repeatable levels by time:
     D:2: 1219 daAuts
     D:1: 979 daAuts
